 Dungeon Crawl Stone Soup version 0.30-b1-2-g02819fbbbe (webtiles) character file.

Game seed: 9659130992222939215

160065 LLlMATKO the Severer (level 17, -5/249 HPs)
             Began as a Minotaur Berserker on Sept 1, 2023.
             Was a High Priest of Trog.
             Hit by a boomerang thrown by a merfolk (15 damage)
             ... on level 4 of the Shoals.
             The game lasted 00:42:14 (34553 turns).

LLlMATKO the Severer (Minotaur Berserker)          Turns: 34553, Time: 00:42:15

Health: -5/249     AC: 29    Str: 29    XL:     17   Next: 17%
Magic:  16/16      EV:  8    Int:  6    God:    Trog [*****.]
Gold:   361        SH: 33    Dex: 11    Spells: 16/16 levels left

rFire   . . .        P - +3 war axe (heavy)
rCold   . . .        I - +18 shield of the Gong {Loud rN+ Will+ rCorr EV-5}
rNeg    + . .        J - +1 plate armour {Will+}
rPois   .            L - +0 hat {Will+}
rElec   .            B - +1 cloak {Stlth+}
rCorr   +            A - +3 pair of gloves "Umudghe" {Int+2 Stlth+}
SInv    +            O - +1 pair of boots {Fly}
Will    +++++        u - amulet of reflection Stlth
                     t - ring of see invisible
HPRegen 1.61/turn    a - ring of willpower
MPRegen 0.15/turn

%: reflection
@: berserking, lethally poisoned (-5 -> -13), strong-willed, flying,
regenerating, studying Evocations, very quick
A: horns 2, retaliatory headbutt
a: Renounce Religion, Berserk, Trog's Hand, Brothers in Arms


You were on level 4 of the Shoals.
You worshipped Trog.
Trog was extremely pleased with you.
You visited 4 branches of the dungeon, and saw 26 of its levels.
You also visited: Sewer, Bailey and Volcano.

You collected 4293 gold pieces.
You spent 3932 gold pieces at shops.

Inventory:

Hand Weapons
 y - a +0 spear of venom
 P - a +3 heavy war axe (weapon)
 S - a +1 hand axe of flaming
 Y - a +0 broad axe of venom
Missiles
 q - 45 poisoned darts (quivered)
 G - 4 throwing nets
Armour
 A - the +3 pair of gloves "Umudghe" (worn) {Int+2 Stlth+}
   (You found it on level 11 of the Dungeon)

   Int:       It affects your intelligence (+2).
   Stlth:     It makes you more stealthy.
 B - a +1 cloak of stealth (worn)
 I - the +18 shield of the Gong (worn) {Loud rN+ Will+ rCorr EV-5}
   (You bought it in a shop on level 11 of the Dungeon)

   Loud:      It is deafeningly noisy when blocking attacks.
   EV:        It affects your evasion (-5).
   rN:        It protects you from negative energy.
   rCorr:     It protects you from acid and corrosion.
   Will:      It increases your willpower.
 J - a +1 plate armour of willpower (worn)
 L - a +0 hat of willpower (worn)
 O - a +1 pair of boots of flying (worn)
 U - a +3 chain mail of fire resistance
Jewellery
 a - a ring of willpower (right hand)
 t - a ring of see invisible (left hand)
 u - an amulet of reflection (around neck)
 E - a ring of fire
 Q - a ring of ice
 X - a +6 ring of strength
 Z - the amulet of Plog {Spirit Rampage}
   (You found it on level 12 of the Dungeon)

   [amulet of guardian spirit]

   It causes incoming damage to be divided between your reserves of health and
   magic.
   Rampage:   It bestows one free step when moving towards enemies.
Wands
 n - a wand of polymorph (6)
 z - a wand of flame (66)
 C - a wand of roots (56)
 D - a wand of charming (15)
 H - a wand of mindburst (27)
 N - a wand of light (19)
Scrolls
 d - 10 scrolls of immolation
 e - 21 scrolls of identify
 h - 10 scrolls of teleportation
 p - 5 scrolls of poison
 s - 4 scrolls of enchant armour
 v - 6 scrolls of fear
 K - 5 scrolls of fog
 R - a scroll of magic mapping
 V - a scroll of blinking
 W - 2 scrolls of butterflies
Potions
 b - 4 potions of brilliance
 c - 4 potions of mutation {unknown}
 f - 8 potions of magic {unknown}
 g - 8 potions of haste {unknown}
 i - 4 potions of flight
 j - 3 potions of cancellation {unknown}
 k - 3 potions of berserk rage {unknown}
 l - 2 potions of invisibility {unknown}
 m - 2 potions of degeneration {unknown}
 o - 14 potions of curing {unknown}
 r - 9 potions of heal wounds {unknown}
 w - a potion of resistance {unknown}
 x - 9 potions of might {unknown}
 F - 8 potions of ambrosia {unknown}
 M - 5 potions of lignification {unknown}
 T - a potion of attraction {unknown}


   Skills:
 + Level 18.3 Fighting
 + Level 18.4 Axes
 + Level 18.1 Armour
 + Level 16.7 Dodging
 + Level 8.9 Shields
 + Level 7.8 Evocations


You had 16 spell levels left.
You didn't know any spells.
Your spell library was empty.

Dungeon Overview and Level Annotations

Branches:
Dungeon (15/15)            Temple (0/1) D:4            Lair (5/5) D:9
 Shoals (4/4) Lair:2        Snake (0/4) Lair:2        Slime (0/5) Lair:4
    Orc (2/2) D:12            Elf (0/3) Orc:2        Vaults (0/5) D:14
 Depths (0/4) D:15          Sewer (visited)          Bailey (visited)
Volcano (visited)

Altars:
Cheibriados
Dithmenos
Kikubaaqudgha
Makhleb
Nemelex Xobeh
Sif Muna
Wu Jian
Xom
Zin
Jiyva

Shops:
D:4 (   D:6 :   D:9 (((   D:11 [   Orc:1 *   Orc:2 [[[:

Annotations:
Lair:4 1 runed translucent door


Innate Abilities, Weirdness & Mutations

You have a pair of horns on your head.
You reflexively headbutt those who attack you in melee.


Message History

You hear an angry hiss.
You hear a shout!
You hear an angry hiss.
A wind drake comes into view.
* * * LOW HITPOINT WARNING * * *
You feel very sick.
The wind drake hisses angrily.
You block the merfolk's attack.
GONNNNG!
You block the merfolk's attack.
GONNNNG!
The merfolk impaler barely misses you.
The merfolk throws a boomerang.
GONNNNG!
You block the boomerang with an invisible shield... and reflect it back!
The boomerang hits the merfolk!
You hear a shout!
You hear an angry hiss.
Things that are here:
a sea snake corpse; a wind drake corpse You barely miss the merfolk impaler.
You headbutt the merfolk impaler!!
The merfolk impaler is moderately wounded.
You slice the merfolk!! x3
* * * LOW HITPOINT WARNING * * *
You feel very sick.
Your ogre barely misses the merfolk.
You block the merfolk's attack.
GONNNNG!
You block the merfolk impaler's attack.
BONNNG!
The merfolk avatar chants a haunting song.
You resist with almost no effort.
You hear an angry hiss.
You hit the merfolk impaler.
The merfolk impaler is moderately wounded.
You barely miss the merfolk. You hit the manticore. You slice the merfolk!! x2
* * * LOW HITPOINT WARNING * * *
You feel very sick. You block the merfolk's attack.
GONNNNG!
The merfolk hits you but does no damage.
You block the merfolk impaler's attack.
BONNNG!
The merfolk throws a boomerang.
The boomerang hits you!
You die...

≈≈ m.....m# ≈~~~.......#
≈~~.. .....# ~~~..##.~~k#
≈!~...#~~~~#
?~..~......## .
~~......m)m.#####..
~~~.~..~mm.Hm..m.m.
~~...~~~~~~~~.m@mS..m..#
~S...~~~~~~~~~m..m...$#
m~~..m~≈≈≈~~~~.O.†....#
#.m...~~~~≈≈~~~........#
....~.~~~.~≈~~.........#
....~~~~~..~~~.......~~#
......~~~..~~~...~~...~~#
<.S.mk~~~~~~~~..~~~..~.~~
......W~ .....#..~~~~~~~


You could see 2 merfolk avatars, a merfolk impaler, a sea snake, a wind drake
(repels missiles), 9 merfolk, a manticore and a friendly ogre (summoned,
berserk).

Vanquished Creatures
  Polyphemus (Shoals:3)
  A kraken (Shoals:1)
  Kirke (Shoals:2)
  Agnes (D:14)
  Gastronok (D:8)
  Donald (Shoals:2)
  Louise (D:14)
  An orc warlord (Orc:2)
  A stone giant (Orc:2)
  Snorg (D:12)
  Josephine (Orc:2)
  4 merfolk impalers
  3 hydras
  A vault guard (D:14)
  4 merfolk avatars
  A death knight (D:15)
  6 centaur warriors
  5 two-headed ogres
  2 merfolk aquamancers
  3 satyrs (Shoals:3)
  6 death yaks
  2 tengu warriors
  An orc high priest (Orc:2)
  Sonja (D:12)
  5 skysharks
  A fire crab (Volcano)
  14 sea snakes
  5 skeletal warriors (D:13)
  Pikel (D:8)
  3 lindwurms
  7 orc knights
  15 harpies
  A mana viper (shapeshifter) (D:14)
  2 wolf spider zombies (D:15)
  An oklob plant (Lair:3)
  A necromancer (D:15)
  A manticore (shapeshifter) (D:15)
  20 fauns
  5 deep elf pyromancers
  13 ugly things
  9 manticores
  6 orc sorcerers
  10 cyclopes
  4 black mambas
  9 elephants
  4 water nymphs
  9 merfolk sirens
  Joseph (D:7)
  A torpor snail (Lair:5)
  A naga mage (D:15)
  Maggie (Lair:1)
  6 molten gargoyles
  3 gargoyles (D:11)
  22 cane toads
  A centaur skeleton (D:15)
  2 rime drakes
  An unseen horror (D:10)
  A yaktaur (shapeshifter) (D:14)
  2 efreet (D:13)
  18 komodo dragons
  2 tengu conjurers
  A freezing wraith (D:15)
  A kobold demonologist (D:12)
  2 ice devils (Lair:1)
  3 tyrant leeches (Lair:5)
  9 trolls
  3 wind drakes
  15 merfolk
  7 saltlings (Orc:2)
  A polar bear (Lair:5)
  Prince Ribbit (D:6)
  22 blink frogs
  10 dream sheep
  4 snapping turtles
  12 slime creatures
  2 shadows
  A vampire (D:13)
  6 water elementals
  4 wraiths
  11 fire bats (Volcano)
  4 wyverns
  36 yaks
  11 humans
  A hog (Shoals:2)
  3 basilisks
  17 vampire mosquitoes
  Grum (D:7)
  Menkaure (D:7)
  3 steam dragons
  6 wargs
  3 nagas (Lair:2)
  An acid dragon (D:14)
  10 water moccasins
  An ice beast (D:8)
  9 wolves
  A black bear (shapeshifter) (D:14)
  32 orc warriors
  4 ogres
  11 centaurs
  A lemure (D:8)
  2 phantoms (D:5)
  4 kobold brigands
  14 bullfrogs
  2 scorpions (D:6)
  A gnoll sergeant (D:7)
  3 wights (D:10)
  14 killer bees
  3 howler monkeys
  6 electric eels
  19 hounds
  6 lava snakes (Volcano)
  2 jellies
  4 gnoll boudas (D:7)
  12 orc priests
  5 iguanas
  3 sleepcaps
  22 orc wizards
  10 gnolls (D:7)
  7 adders
  A river rat (D:6)
  2 shadow imps
  A white imp (D:7)
  3 ufetubi
  3 worms (D:2)
  4 dart slugs
  79 orcs
  14 ball pythons
  6 bats
  4 endoplasms
  4 giant cockroaches
  7 goblins
  7 hobgoblins
  6 jackals
  5 quokkas
  5 frilled lizards
  19 kobolds
  7 rats
  A spectral weapon (D:14)
  2 tentacles (Shoals:1)
848 creatures vanquished.

Vanquished Creatures (collateral kills)
  An orc warlord (Orc:2)
  The ghost of Zijen the Fighter, a journeyman MiBe of Trog (Lair:3)
  A catoblepas (Shoals:3)
  3 death yaks
  2 orc knights
  A harpy (Shoals:3)
  A deep elf zephyrmancer (Bailey)
  An elephant (Lair:4)
  A water nymph (Shoals:4)
  A wind drake (Shoals:4)
  A water elemental (Shoals:3)
  A hog (Shoals:2)
  3 orc warriors (Orc:2)
  2 ogres (Orc:2)
  2 orc priests (Orc:2)
  2 orcs
24 creatures vanquished.

Vanquished Creatures (others)
  A vault guard (D:14)
  2 orc wizards
  A bush (Lair:5)
  31 fungi
  4 pillars of salt (Orc:2)
  150 plants
  10 tentacles (Shoals:1)
  3 withered plants
202 creatures vanquished.

Grand Total: 1074 creatures vanquished

Notes
Turn   | Place    | Note
-------+----------+-------------------------------------------
     0 | D:1      | LLlMATKO the Minotaur Berserker began the quest for the
                  | Orb.
     0 | D:1      | Reached XP level 1. HP: 19/19 MP: 0/0
   214 | D:1      | Reached XP level 2. HP: 27/27 MP: 1/1
   726 | D:1      | Found a faded altar of an unknown god.
   801 | D:1      | Reached XP level 3. HP: 28/33 MP: 2/2
   936 | D:1      | Reached ** piety under Trog
  1597 | D:2      | Reached XP level 4. HP: 28/41 MP: 3/3
  2479 | D:3      | Identified the +1 leather armour of the Shore {-Cast
                  | Rampage Str+4}
  2761 | D:4      | Found an ornate altar of the Wu Jian Council.
  2830 | D:4      | Found a staircase to the Ecumenical Temple.
  2948 | D:4      | Reached XP level 5. HP: 28/47 MP: 4/4
  3064 | D:4      | Found a shadowy altar of Dithmenos.
  3234 | D:4      | Reached *** piety under Trog
  3256 | D:4      | Found Tor Zoat's Antique Weapon Shoppe.
  3390 | D:5      | Entered Level 5 of the Dungeon
  3530 | D:5      | Reached skill level 5 in Fighting
  3530 | D:5      | Reached skill level 5 in Axes
  3846 | D:5      | Reached XP level 6. HP: 56/56 MP: 5/5
  4020 | D:5      | Reached XP level 7. HP: 60/62 MP: 6/6
  4027 | D:5      | Noticed a komodo dragon
  4050 | D:5      | Reached skill level 5 in Armour
  4279 | D:5      | Killed a komodo dragon
  4280 | D:5      | Reached skill level 5 in Dodging
  4533 | D:6      | Identified a scroll of acquirement
  4533 | D:6      | Acquired 1094 gold pieces
  4588 | D:6      | Reached XP level 8. HP: 52/71 MP: 7/7
  4663 | D:6      | Noticed Prince Ribbit
  4669 | D:6      | Killed Prince Ribbit
  4766 | D:6      | Found a glowing drain.
  4774 | Sewer    | Entered a sewer
  5016 | Sewer    | Reached **** piety under Trog
  5506 | D:6      | Found Pikehymo's Vocational Training.
  5644 | D:6      | Found a shimmering blue altar of Sif Muna.
  5646 | D:6      | Found a snail-covered altar of Cheibriados.
  5825 | D:7      | Noticed Menkaure
  5830 | D:7      | Killed Menkaure
  5880 | D:7      | Reached XP level 9. HP: 69/81 MP: 8/8
  6058 | D:7      | Identified the +6 whip of the Destroying Gods {flame,
                  | *Corrode +Blink rC+++}
  6416 | D:7      | Found a shimmering altar of Xom.
  6713 | D:7      | Noticed Grum
  6719 | D:7      | Killed Grum
  6841 | D:7      | Noticed Joseph
  6855 | D:7      | Killed Joseph
  7265 | D:8      | Found a glowing silver altar of Zin.
  7267 | D:8      | Found a burning altar of Makhleb.
  7273 | D:8      | Found a sparkling altar of Nemelex Xobeh.
  7278 | D:8      | Reached ***** piety under Trog
  7279 | D:8      | Reached XP level 10. HP: 89/91 MP: 9/9
  7432 | D:8      | Noticed Pikel
  7442 | D:8      | Killed Pikel
  7651 | D:8      | Noticed Gastronok
  7660 | D:8      | Killed Gastronok
  7661 | D:8      | Reached skill level 10 in Fighting
  7661 | D:8      | Reached skill level 10 in Axes
  7944 | D:9      | Found a flagged portal.
  7975 | D:9      | Reached skill level 10 in Armour
  8029 | Bailey   | Entered a bailey
  8338 | Bailey   | Noticed an orc knight
  8347 | Bailey   | Killed an orc knight
  8444 | Bailey   | Found a large runed translucent door.
  8444 | Bailey   | Found a large runed translucent door.
  8445 | Bailey   | Noticed a deep elf zephyrmancer
  8524 | Bailey   | Killed a deep elf zephyrmancer
  8525 | Bailey   | Reached XP level 11. HP: 101/101 MP: 10/10
  8552 | Bailey   | Identified the +9 plate armour "Zitain" {Harm}
  8713 | D:9      | Found Emonkedd's Antique Weapon Shop.
  8719 | D:9      | Found Hadikluc's Weapon Emporium.
  8719 | D:9      | Found Qeapta's Antique Weapon Shop.
  9057 | D:9      | Reached skill level 10 in Dodging
  9152 | D:9      | Found a staircase to the Lair.
  9478 | D:9      | Noticed a deep elf pyromancer
  9478 | D:9      | Noticed a brown ugly thing
  9487 | D:9      | Killed a brown ugly thing
  9492 | D:9      | Killed a deep elf pyromancer
  9831 | D:10     | Entered Level 10 of the Dungeon
 10288 | D:10     | Identified the +10 mace of Action {freeze, *Noise rN+
                  | Dex+3}
 10515 | D:10     | Found an ancient bone altar of Kikubaaqudgha.
 10637 | D:11     | Noticed a two-headed ogre
 10645 | D:11     | Killed a two-headed ogre
 10711 | D:11     | Identified the +3 pair of gloves "Umudghe" {Int+2 Stlth+}
 10730 | D:11     | Noticed a purple ugly thing
 10737 | D:11     | Killed a purple ugly thing
 10973 | D:11     | Identified the scarf of the Eggfruit {shadows, -Tele rElec
                  | rN++ SInv}
 11027 | D:11     | Reached XP level 12. HP: 112/113 MP: 11/11
 11050 | D:11     | Noticed a two-headed ogre
 11055 | D:11     | Killed a two-headed ogre
 11105 | D:11     | Identified the +11 scale mail "Icluolas" {Int+6}
 11116 | D:11     | Found Ecofel's Antique Armour Shoppe.
 11263 | D:11     | Noticed a two-headed ogre
 11268 | D:11     | Killed a two-headed ogre
 11535 | Lair:1   | Entered Level 1 of the Lair of Beasts
 11639 | Lair:1   | Found a frozen archway.
 11644 | Lair:1   | You are sucked into a shaft and drop 1 floor!
 11651 | Lair:2   | Found a staircase to the Snake Pit.
 11856 | Lair:2   | Found a dark tunnel.
 11861 | Volcano  | Entered a volcano
 12434 | Volcano  | Found a burning altar of Makhleb.
 13290 | Lair:1   | Noticed Maggie
 13295 | Lair:1   | Killed Maggie
 13547 | Lair:1   | Received a gift from Trog
 14028 | Lair:2   | Reached XP level 13. HP: 123/123 MP: 12/12
 14511 | Lair:2   | Found a staircase to the Shoals.
 15970 | Lair:3   | Found a runed translucent door.
 15971 | Lair:3   | Noticed Zijen's ghost (journeyman MiBe)
 16683 | Lair:3   | Killed Zijen's ghost
 17546 | Lair:4   | Found a runed translucent door.
 17546 | Lair:4   | Found a viscous altar of Jiyva.
 17547 | Lair:4   | Noticed an azure jelly
 17547 | Lair:4   | Noticed an azure jelly
 17548 | Lair:4   | Noticed an azure jelly
 17549 | Lair:4   | Found a staircase to the Slime Pits.
 17865 | Lair:5   | Entered Level 5 of the Lair of Beasts
 18787 | Lair:4   | Found a runed translucent door.
 18787 | Lair:4   | Found a viscous altar of Jiyva.
 18788 | Lair:4   | Found a staircase to the Slime Pits.
 19010 | Lair:5   | Reached skill level 15 in Axes
 19012 | Lair:5   | Reached skill level 15 in Fighting
 19018 | Lair:5   | Reached XP level 14. HP: 61/135 MP: 13/13
 19371 | Lair:5   | Reached skill level 15 in Armour
 21184 | D:12     | Found a staircase to the Orcish Mines.
 21197 | D:12     | Noticed Snorg
 21205 | D:12     | Killed Snorg
 21665 | D:12     | Noticed Sonja
 21685 | D:12     | Killed Sonja
 21848 | D:12     | Identified the amulet of Plog {Spirit Rampage}
 21937 | D:12     | Acquired 624 gold pieces
 22273 | D:13     | Received a gift from Trog
 23523 | D:13     | Identified the +1 rapier "Tybbaomy" {venom, *Rage *Slow
                  | rCorr Dex+9}
 23710 | D:11     | Bought the +18 shield of the Gong {Loud rN+ Will+ rCorr
                  | EV-5} for 2972 gold pieces
 23710 | D:11     | Found the +18 shield of the Gong {Loud rN+ Will+ rCorr
                  | EV-5}
 23867 | D:14     | Reached XP level 15. HP: 129/145 MP: 14/14
 23895 | D:14     | Reached skill level 1 in Shields
 23968 | D:14     | Noticed Louise
 23981 | D:14     | Killed Louise
 23982 | D:14     | Reached skill level 15 in Dodging
 24337 | D:14     | Found a gate to the Vaults.
 24355 | D:14     | Noticed Agnes
 24361 | D:14     | Killed Agnes
 25222 | D:14     | Found a gate to the Vaults.
 25463 | D:15     | Entered Level 15 of the Dungeon
 25572 | Orc:1    | Entered Level 1 of the Orcish Mines
 25672 | Orc:1    | Found Alaceuju's Assorted Antiques.
 25922 | Orc:2    | Entered Level 2 of the Orcish Mines
 25946 | Orc:2    | Received a gift from Trog
 26297 | Orc:2    | Found a shimmering altar of Xom.
 26323 | Orc:2    | Noticed Josephine
 26330 | Orc:2    | Killed Josephine
 26379 | Orc:2    | Found a staircase to the Elven Halls.
 26888 | Orc:2    | Reached skill level 5 in Shields
 26899 | Orc:2    | Found Rumot's Antique Armour Boutique.
 26919 | Orc:2    | Found Kepugoisk's Book Shop.
 26921 | Orc:2    | Found Faeguniz's Antique Armour Shop.
 26947 | Orc:2    | Found Hohemy's Antique Armour Shoppe.
 27125 | D:6      | Bought a manual of Evocations for 960 gold pieces
 27660 | D:15     | Reached skill level 1 in Evocations
 28497 | D:15     | Found a staircase to the Depths.
 28895 | Shoals:1 | Entered Level 1 of the Shoals
 28918 | Shoals:1 | Reached XP level 16. HP: 132/155 MP: 15/15
 29311 | Shoals:1 | Noticed a kraken
 29604 | Shoals:1 | Killed a kraken
 30228 | Shoals:2 | Received a gift from Trog
 30444 | Shoals:2 | You are sucked into a shaft and drop 1 floor!
 30453 | Shoals:3 | Reached skill level 5 in Evocations
 30453 | Shoals:3 | Noticed Polyphemus
 30477 | Shoals:3 | Killed Polyphemus
 30653 | Shoals:2 | Noticed Kirke
 30665 | Shoals:2 | Killed Kirke
 31496 | Shoals:3 | Noticed Donald
 31947 | Shoals:2 | Killed Donald
 33807 | Shoals:4 | Entered Level 4 of the Shoals
 33819 | Shoals:3 | Reached XP level 17. HP: 67/165 MP: 1/16
 34537 | Shoals:4 | Identified the +5 falchion "Juhacvui" {freeze, Str+5 Int-5}
 34553 | Shoals:4 | HP: 10/249 [poisoned by a sea snake]
 34553 | Shoals:4 | Hit by a boomerang thrown by a merfolk

Illustrated notes

Levels and vault maps discovered:
D:1:      spicycebolla_arrival_clurvy, layout_basic,
          shapermc_ecumenical_altar_flowoftime
D:2:      layout_basic, minmay_box_of_dots
D:3:      layout_loops_ring
D:4:      layout_basic, mainiacjoe_overflow_six_doors_small,
          mainiacjoe_overflow_cross_hatched, minmay_temple_entry_tees,
          serial_shops, shop
D:5:      layout_basic, st_stairs_1
D:6:      layout_loops_cross, nicolae_overflow_hidden_temple,
          portal_sewer_entry_e, nicolae_shop_vocational, uniq_prince_ribbit1
D:7:      layout_cave_pools, lemuel_crystal_altar, serial_gnoll_camp,
          gnoll_camp_mini_house, grums_kennel, gnoll_camp_mini_hut,
          gnoll_camp_medium_02, gnoll_camp_mini_hut, uniq_joseph, uniq_menkaure
D:8:      layout_basic, gammafunk_temple_overflow_forgotten,
          minmay_misc_feat_doors, uniq_gastronok, uniq_pikel
D:9:      kennysheep_big_flooded_room, layout_gridville, erik_lair_island,
          enter_bailey_6, nicolae_wooded_promenade
D:10:     layout_long_grid, nicolae_kikubaaqudgha_miasma_corner
D:11:     layout_gridville, serial_shops, shop
D:12:     layout_loops_cross, erik_orc_4, uniq_snorg, uniq_sonja
D:13:     layout_big_octagon, minmay_misc_feat_cross, minivault_8
D:14:     layout_small_grid, ximxim_vaults_locker_room,
          kennysheep_generic_room_12, uniq_louise, uniq_agnes
D:15:     grunt_enter_depths_magical_seal, layout_cave_pods,
          dreamdust_wishing_well
Lair:1:   layout_gridlike, portal_ice_cave_demonic_guard, uniq_maggie
Lair:2:   layout_layer_cave, minmay_shoals_entry_beasts,
          guppyfry_snake_entry_garden, enter_volcano_4,
          chequers_serial_rivers_micro_b, infiniplex_staircase_pool
Lair:3:   layout_cave_shapes, gammafunk_ghost_grave,
          dreamdust_mushroom_princess, nicolae_lair_lindhole
Lair:4:   layout_cave_pods, slime_entry_2
Lair:5:   minmay_lair_end_frog_pond, layout_loops_ring
Shoals:1: layout_shoals
Shoals:2: layout_shoals, nicolae_shoals_stone_sculpture_thing, uniq_kirke
Shoals:3: layout_shoals, uniq_donald, uniq_polyphemus
Shoals:4: shoals_end_simple, layout_shoals, ebering_ghost_inner_flame
Orc:1:    layout_caves, serial_shops, nicolae_shop_just_a_little_nook
Orc:2:    hellmonk_orc_salted, layout_caves, basic_altar, uniq_josephine

Skill      XL: |  1  2  3  4  5  6  7  8  9 10 11 12 13 14 15 16 |
---------------+-------------------------------------------------+-----
Fighting       | 4 5 6 7 9 10 12 13 15 16 17 18 | 18.3
Axes           | 4 5 6 7 9 10 12 13 15 16 17 18 | 18.4
Armour         | 3 4 6 7 8 10 12 13 14 16 17 18 | 18.1
Dodging        | 3 4 5 6 8 9 11 12 13 14 15 16 | 16.7
Shields        | 6 8 |  8.9
Evocations     | 3 7 |  7.8

Action                     |  1- 3 |  4- 6 |  7- 9 | 10-12 | 13-15 | 16-18 || total
---------------------------+-------+-------+-------+-------+-------+-------++-------
  Melee: Hand axe          |    76 |    91 |   120 |   198 |    12 |       ||   497
         Headbutt          |    13 |    12 |    47 |    72 |   190 |    75 ||   409
         Punch             |       |     4 |     4 |     1 |     7 |       ||    16
         War axe           |       |    12 |   139 |   190 |   857 |   284 ||  1482
  Throw: Dart              |       |       |       |     5 |    36 |     4 ||    45
         Throwing net      |       |       |       |       |     5 |       ||     5
 Invoke: Berserk           |       |     1 |     5 |    13 |    14 |     8 ||    41
         Trog's Hand       |       |       |       |     6 |     5 |     5 ||    16
         Brothers in Arms  |       |       |       |     2 |     4 |     4 ||    10
    Use: Scroll            |       |       |    13 |     3 |     9 |     1 ||    26
   Stab: Sleeping          |       |       |     3 |       |       |       ||     3
         Distracted        |       |       |     1 |       |       |       ||     1
         Petrified         |       |       |       |       |       |     7 ||     7
         Petrifying        |       |       |       |       |       |     1 ||     1
 Armour: Animal skin       |    14 |       |       |       |       |       ||    14
         Chain mail        |       |     8 |    42 |       |       |       ||    50
         Leather armour    |       |    18 |    45 |       |       |       ||    63
         Plate armour      |       |       |    10 |   231 |   518 |   162 ||   921
  Dodge: Dodged            |    50 |    62 |   141 |   220 |   364 |    78 ||   915
  Block: Other             |       |    16 |    57 |   105 |   113 |       ||   291
         Reflection        |       |     1 |     1 |     2 |    49 |    65 ||   118
         Kite shield       |       |       |       |       |   536 |   599 ||  1135
